 Dungeon Crawl Stone Soup version 0.21.1-1-g345015f (webtiles) character file.

232 lyrx the Conjurer (level 5, -6/35 HPs)
             Began as a Demonspawn Conjurer on Apr 18, 2018.
             Shot with an arrow by a centaur (8 damage)
             ... on level 4 of the Dungeon.
             The game lasted 00:23:15 (3170 turns).

lyrx the Conjurer (Demonspawn Conjurer)             Turns: 3170, Time: 00:23:16

Health: -6/35      AC:  5    Str:  8    XL:     5   Next: 73%
Magic:  0/8        EV: 12    Int: 22    God:
Gold:   144        SH:  0    Dex: 14    Spells: 1/8 levels left

rFire    . . .     SeeInvis .   w - +0 flail (protect)
rCold    . . .     Gourm    .   (no shield)
rNeg     . . .     Faith    .   e - +2 robe {MR+}
rPois    .         Spirit   .   n - +0 helmet
rElec    .         Reflect  .   (no cloak)
rCorr    .         Harm     .   (no gloves)
MR       +....                  (no boots)
Stlth    ++........             (no amulet)
HPRegen  0.11/turn              (no ring)
MPRegen  0.11/turn              (no ring)

@: brilliant, lethally poisoned (-6 -> -9)
A: claws 1, powered by death 1, powered by pain 1
a: no special abilities


You were on level 4 of the Dungeon.
You were hungry.

You visited 1 branch of the dungeon, and saw 4 of its levels.

You collected 144 gold pieces.

Inventory:

Hand Weapons
 r - a +0 hand axe of electrocution
 w - a +0 flail of protection (weapon)
Missiles
 l - 152 stones (quivered)
 s - 4 tomahawks
Armour
 d - a +0 shield
 e - a +2 robe of magic resistance (worn)
 n - a +0 helmet (worn)
Jewellery
 m - an uncursed amulet of magic regeneration {unknown}
Scrolls
 g - 4 scrolls of teleportation {unknown}
 j - 4 scrolls of identify {unknown}
 o - a scroll of enchant armour {unknown}
 q - 3 scrolls of amnesia {unknown}
 t - a scroll of remove curse {unknown}
Potions
 f - a potion of flight {unknown}
 h - a potion of heal wounds {unknown}
 i - a potion of cancellation {unknown}
 k - a potion of brilliance
 p - a potion of curing {unknown}
 u - a potion of degeneration {unknown}
 v - a potion of might {unknown}
Books
 b - a book of Conjurations

   Spells                             Type                      Level
   a - Magic Dart                     Conjuration                  1
   b - Searing Ray                    Conjuration                  2
   c - Dazzling Spray                 Conjuration/Hexes            3
   d - Fulminant Prism                Conjuration/Hexes            4
   e - Force Lance                    Conjuration/Translocation    4
   f - Iskenderun's Mystic Blast      Conjuration                  4
Comestibles
 c - 4 rations


   Skills:
 - Level 2.1 Dodging
 - Level 1.7 Stealth
 - Level 2.0 Spellcasting
 + Level 7.0 Conjurations


You had one spell level left.
You knew the following spells:

 Your Spells              Type           Power        Failure   Level  Hunger
a - Magic Dart            Conj           ####         1%          1    #......
b - Searing Ray           Conj           #####.       1%          2    ##.....
c - Iskenderun's Mystic   Conj           #####...     1%          4    #####..


Dungeon Overview and Level Annotations

Branches:
Dungeon (4/15)
 Temple: D:4-7

Altars:
Fedhas
Ru

Annotations:
D:3 bmj180's ghost, amateur MiBe
D:4 Robin


Innate Abilities, Weirdness & Mutations

You have sharp fingernails.
You regenerate a little health from kills.
You sometimes gain a little power by taking damage.


Message History

Aim: a centaur, wielding a shortbow (lightly wounded)
The orb of energy misses the centaur.
The orb of energy explodes!
You feel sick. The hobgoblin hits you with a club.
* * * LOW HITPOINT WARNING * * *
The centaur shoots an arrow.
The arrow hits you.
* * * LOW HITPOINT WARNING * * *
Casting: Iskenderun's Mystic Blast
Confirm with . or Enter, or press ? or * to list all spells.
Aiming: Searing Ray
Press: ? - help, Shift-Dir - straight line, f/p - centaur
Aim: a centaur, wielding a shortbow (lightly wounded)
The searing ray misses the centaur. (Press . to maintain the ray.)
The centaur shoots an arrow.
The arrow misses you.
The hobgoblin hits you but does no damage.
It was a potion of brilliance.
You feel clever all of a sudden.
You are feeling hungry.
The centaur shoots an arrow.
The arrow hits you!
You die...

##### .....#.##...
#...#### #....'...
#.(:...######.##...
#..................
#.............#.###
##...............##
#.....##....##..#.
#g..c.####.......g
#@)...# ####.....
####..............
#..............
..............
.............
..........##
.......


You could see a centaur and a hobgoblin.

Vanquished Creatures
  A howler monkey (D:3)
  An orc wizard (D:4)
  Jessica (D:3)
  2 worker ants (D:4)
  An adder (D:3)
  An ooze (D:1)
  A worm (D:4)
  2 dart slugs
  3 leopard geckos
  7 orcs
  5 bats
  3 giant cockroaches
  8 goblins
  4 hobgoblins
  6 kobolds
  A quokka (D:2)
  5 frilled lizards
  11 rats
63 creatures vanquished.

Notes
Turn   | Place    | Note
-------+----------+-------------------------------------------
     0 | D:1      | lyrx the Demonspawn Conjurer began the quest for the Orb.
     0 | D:1      | Reached XP level 1. HP: 13/13 MP: 3/3
   236 | D:1      | Gained mutation: You regenerate a little health from kills. [demonic ancestry]
   236 | D:1      | Reached XP level 2. HP: 19/19 MP: 3/5
   408 | D:1      | Learned a level 2 spell: Searing Ray
   995 | D:2      | Reached skill level 5 in Conjurations
   997 | D:2      | Reached XP level 3. HP: 24/24 MP: 0/6
  1300 | D:2      | Found a blossoming altar of Fedhas.
  2009 | D:3      | Noticed Jessica
  2028 | D:3      | Killed Jessica
  2028 | D:3      | Gained mutation: You sometimes gain a little power by taking damage. [demonic ancestry]
  2028 | D:3      | Reached XP level 4. HP: 30/30 MP: 1/7
  2196 | D:3      | Learned a level 4 spell: Iskenderun's Mystic Blast
  2249 | D:3      | Noticed bmj180's ghost (amateur MiBe)
  2369 | D:3      | Found a sacrificial altar of Ru.
  2580 | D:3      | Reached skill level 6 in Conjurations
  2771 | D:4      | Gained mutation: You have sharp fingernails. [demonic ancestry]
  2771 | D:4      | Reached XP level 5. HP: 35/35 MP: 3/8
  2939 | D:4      | Noticed Robin
  3070 | D:4      | Reached skill level 7 in Conjurations
  3142 | D:4      | Noticed a centaur
  3170 | D:4      | Shot with an arrow by a centaur

Skill      XL: |  1  2  3  4  5 |
---------------+----------------+-----
Conjurations   | 5 6 7 |  7.0
Dodging        | 2 |  2.1
Stealth        | |  1.7
Spellcasting   | |  2.0

Action                   |  1- 3 |  4- 6 || total
-------------------------+-------+-------++-------
Melee: Dagger            |     3 |       ||     3
       Spear             |    19 |       ||    19
       Hand axe          |       |     8 ||     8
       Flail             |       |     2 ||     2
Throw: Stone             |     4 |     4 ||     8
 Cast: Magic Dart        |    69 |    29 ||    98
       Searing Ray       |     3 |     7 ||    10
       Iskenderun's Myst |       |     2 ||     2
  Use: Potion            |       |     1 ||     1
  Eat: Chunk             |     4 |     5 ||     9
Armor: Robe              |     4 |    13 ||    17
Dodge: Dodged            |    18 |    27 ||    45
